Arrhythmia, chaotic female vampiric Convict ---- ------ ### |..........d#d# |........ #@_########### ..!.. ....# ---.----- ----- +--- |.......| |>......| |.......| |.......| --------- Arrhythmia the Jail-bird Experience level: 8 Strength: 13 Dexterity: 13 Constitution: 20 Intelligence: 12 Wisdom: 9 Charisma: 8 Health: 0(84) Energy: 12(35) AC: 2 Gold: 126 Moves: 3747 Your Inventory: Coins $ - 126 gold pieces Armor b - a cursed +0 striped shirt k - an [uncursed] +0 dwarvish mithril-coat (being worn) l - an [uncursed] +0 hard hat [dwarvish iron helm] (being worn) r - an [uncursed] burnt +0 pair of speed boots (being worn) Scrolls F - an [uncursed] scroll labeled YUM YUM [of identify] Tools f - an uncursed bag [sack] q - an uncursed [+0] pick-axe Iron balls c - an uncursed rusty heavy iron ball (chained to you) (weapon in hand) Contents of the sack: 404 gold pieces an uncursed Hot Futa Mare Dick an uncursed scroll labeled KERNOD WEL [of destroy armor] an uncursed scroll labeled VE FORBRYDERNE [of teleportation] an uncursed scroll labeled VENZAR BORGAVVE [of enchant armor] an uncursed unlabeled scroll [of blank paper] an uncursed skeleton key an uncursed stethoscope an uncursed towel Spells known in the end: Name Level Category Fail Memory Your skills at the end: Fighting Skills Weapon Skills sling [Basic / Skilled] Spellcasting Skills Final Attributes: You were piously aligned. Hunger level was 491. Your alignment was 28 / 28. Monster difficulty range was 1 - 8. Level difficulty was 9. You were immune to poison. You were immune to level-drain. You were immune to sickness. You were punished. You could fly. You could survive without air. You regenerated. You were very fast. You were very lucky (5). You are dead. Vanquished creatures: 2 black puddings a giant mimic a chameleon a giant beetle a wolf an owlbear a werewolf a dingo a blue jelly a raven a human zombie 3 soldier ants 2 enormous rats a rock mole 3 gnome lords a kobold mummy a giant ant a little dog 2 floating eyes 6 dwarves a homunculus 4 hill orcs a rothe a wererat 3 iguanas 2 coyotes 2 gas spores 4 cave spiders a brown mold a yellow mold 12 gnomes a gecko 3 jackals a kobold a sewer rat 4 grid bugs a bat 3 lichens a kobold zombie 2 newts 81 creatures vanquished. Voluntary challenges: You went without food. You never hit with a wielded weapon. You read items or engraved 2 times. You put on armor 11 times. You never genocided any monsters. You never polymorphed an object. You never changed form. You used no wishes. You abstained from Elbereth's help. You never encountered a bones level. You never used any Sokoban shortcuts. Dungeon overview: The Dungeons of Doom: levels 1 to 9 Level 1 a long staircase Level 2 a general store stairs to The Gnomish Mines Level 3 an altar, a fountain Level 4 an armor shop, a fountain Level 5 a tool shop Level 6 an altar to Tymora, some sinks Level 7 a fountain Level 9 <- You were here The Gnomish Mines: levels 3 to 4 Level 3 stairs to The Dungeons of Doom History has recorded: On T:1 you entered the Dungeons of Doom to retrieve the Amulet of Yendor! On T:277 you reached level 2 of The Dungeons of Doom. On T:310 you reached level 3 of The Dungeons of Doom. On T:329 you advanced to experience level 2. On T:772 you advanced to experience level 3. On T:990 you reached level 1 of The Gnomish Mines. On T:1027 you advanced to experience level 4. On T:1052 you advanced to experience level 5. On T:1374 you advanced to experience level 6. On T:1501 you reached level 2 of The Gnomish Mines. On T:2137 you reached level 4 of The Dungeons of Doom. On T:2186 you advanced to experience level 7. On T:2374 you reached level 5 of The Dungeons of Doom. On T:3267 you reached level 6 of The Dungeons of Doom. On T:3413 you advanced to experience level 8. On T:3705 you reached level 7 of The Dungeons of Doom. On T:3718 you reached level 9 of The Dungeons of Doom. Latest messages: [HP+1=9] You miss the wolf. You bite the wolf. The wolf just misses! You kill the wolf! [HP+1=10] [HP+1=11] [HP+1=12] The winter wolf just misses! [HP+1=13] You hit the winter wolf! You bite the winter wolf. The winter wolf bites! [HP-8=5] You miss the winter wolf. You bite the winter wolf. You feed on the lifeblood. The winter wolf suddenly seems weaker! [HP+1=6] You miss the winter wolf. You bite the winter wolf. The winter wolf bites! You die... Final status: Goodbye Arrhythmia the Convict... You died in The Dungeons of Doom on dungeon level 9 with 5829 points, and 530 pieces of gold, after 3747 moves. You were level 8 with a maximum of 84 hit points when you died.